 Dungeon Crawl Stone Soup version 0.29-a0-477-g62b78b4225 (webtiles) character file.

Game seed: 15052365263304516455

53 Hubjo the Firebug (level 3, -1/20 HPs)
             Began as a Deep Elf Fire Elementalist on May 24, 2022.
             Slain by a rust devil (6 damage)
             ... summoned by Xom
             ... on level 1 of the Dungeon.
             The game lasted 00:02:15 (2379 turns).

Hubjo the Firebug (Deep Elf Fire Elementalist)      Turns: 2379, Time: 00:02:17

Health: -1/20      AC: -1    Str:  5    XL:     3   Next: 64%
Magic:  9/10       EV: 12    Int: 21    God:
Gold:   125        SH:  0    Dex: 15    Spells: 8/9 levels left

rFire   . . .      SeeInvis .   (no weapon)
rCold   . . .      Faith    .   (no shield)
rNeg    . . .      Spirit   .   a - +1 robe
rPois   .          Reflect  .   (no helmet)
rElec   .          Harm     .   (no cloak)
rCorr   .          Rampage  .   (no gloves)
Will    .....                   (no boots)
Stlth   ++........              (no amulet)
HPRegen 0.06/turn               (no ring)
MPRegen 0.12/turn               (no ring)

@: weak-willed, corroded, flying
A: no striking features
a: no special abilities


You were on level 1 of the Dungeon.
You visited 1 branch of the dungeon, and saw 1 of its levels.

You collected 125 gold pieces.

Inventory:

Missiles
 f - 2 datura-tipped darts
Armour
 a - a +1 robe (worn)
Jewellery
 c - a ring of fire
 i - a ring of poison resistance
Scrolls
 g - a scroll of vulnerability
Potions
 b - a potion of magic
 e - a potion of invisibility {unknown}


   Skills:
 * Level 1.4 Fighting
 - Level 2.4 Dodging
 + Level 3.2 Stealth
 + Level 3.6 Spellcasting
 - Level 1.1 Conjurations
 + Level 3.7 Fire Magic


You had 8 spell levels left.
You knew the following spells:

 Your Spells              Type           Power      Damage    Failure   Level
a - Foxfire               Conj/Fire      56%        2x1d6     4%          1

Your spell library contained the following spells:

 Spells                   Type           Power      Damage    Failure   Level
 Scorch                   Fire           38%        2d7       4%          2
 Conjure Flame            Conj/Fire      14%        6-21      14%         3
 Inner Flame              Hex/Fire       11%        N/A       17%         3
 Gell's Gravitas          Tloc           3%         N/A       36%         3
 Teleport Other           Tloc           3%         N/A       36%         3
 Flame Wave               Conj/Fire      14%        2d6       41%         4
 Freezing Cloud           Conj/Ice/Air   2%         6-21      96%         5
 Dispersal                Tloc           1%         N/A       100%        6
 Simulacrum               Ice/Necr       1%         N/A       100%        6
 Polar Vortex             Ice            1%         N/A       100%        9


Dungeon Overview and Level Annotations

Branches:
Dungeon (1/15)

Altars:
Xom
Beogh

Shops:
D:1 ?


Message History

Moving in this stuff is going to be slow.
There is a staircase leading out of the dungeon here.
Key pressed, stopping explore.
Key pressed, stopping explore.
You open the door.
There is an open door here.
A giant cockroach comes into view.
A giant cockroach is nearby!
A giant cockroach is nearby!
A giant cockroach is nearby!
A giant cockroach is nearby!
You conjure some foxfire!
There is not enough space to conjure foxfire!
The foxfire hits the giant cockroach.
The giant cockroach is severely wounded.
You conjure some foxfire!
The foxfire hits the giant cockroach.
The giant cockroach is almost dead.
You conjure some foxfire!
The foxfire hits the giant cockroach.
You kill the giant cockroach!
You conjure some foxfire!
Your foxfire dissipates! "Let's see if it's strong enough to survive yet."
There are monsters nearby!
There are monsters nearby!
As you read the scroll labelled HILYB LEBB, it crumbles to dust.
Magic quickly surges around you.
It was a scroll of vulnerability.
As you read the scroll labelled KERABO BAU, it crumbles to dust.
It is a scroll of enchant armour.
Your +0 robe glows green for a moment.
The smoke demon closely misses you.
The smoke demon hits you but does no damage.
The smoke demon hits you. The rust devil hits you! The rust devil corrodes you!
It was a potion of flight.
You feel very buoyant.
You fly up into the air.
The smoke demon closely misses you. The smoke demon hits you. x2
* * * LOW HITPOINT WARNING * * *
The rust devil hits you.
You die...

###.# .##.#
.##.#######
.##.......#
.......####
.......###########
.......#.......43#
.......#.#######3#
.......#.# #@#
.##'####.# #4#
.........# #5#
.#######.# #.#
.#######.#######.#
.................#
#########.#####..#
#.# ..# #.#


You could see a hellwing (summoned, weak-willed), a rust devil (summoned,
weak-willed), a smoke demon (summoned, weak-willed), a neqoxec (summoned,
weak-willed) and a quasit (summoned, weak-willed).

Vanquished Creatures
  A gnoll (D:1)
  A dart slug (D:1)
  4 ball pythons (D:1)
  6 endoplasms (D:1)
  5 giant cockroaches (D:1)
  4 goblins (D:1)
  3 hobgoblins (D:1)
  2 jackals (D:1)
  3 kobolds (D:1)
  A quokka (D:1)
  2 bats (D:1)
  A frilled lizard (D:1)
  3 rats (D:1)
36 creatures vanquished.

Vanquished Creatures (collateral kills)
  A foxfire (D:1)
1 creature vanquished.

Vanquished Creatures (others)
  261 foxfires (D:1)
  3 toadstools (D:1)
264 creatures vanquished.

Grand Total: 301 creatures vanquished

Notes
Turn   | Place    | Note
-------+----------+-------------------------------------------
     0 | D:1      | Hubjo the Deep Elf Fire Elementalist began the quest for
                  | the Orb.
     0 | D:1      | Reached XP level 1. HP: 10/10 MP: 6/6
    67 | D:1      | Reached XP level 2. HP: 16/16 MP: 2/8
   163 | D:1      | Found Lugic's Magic Scroll Emporium.
   232 | D:1      | Reached skill level 1 in Fighting
   712 | D:1      | Reached XP level 3. HP: 20/20 MP: 3/9
   765 | D:1      | Found a faded altar of an unknown god.
   859 | D:1      | Prayed at the altar of an unknown god.
   859 | D:1      | Became a worshipper of Xom the Capricious
   943 | D:1      | Fell from the grace of Xom
  2376 | D:1      | XOM: summons 5 hostile demons
  2377 | D:1      | Noticed a hellwing
  2377 | D:1      | Noticed a neqoxec
  2377 | D:1      | Noticed a rust devil
  2377 | D:1      | Noticed a smoke demon
  2379 | D:1      | Slain by a rust devil

Illustrated notes

Levels and vault maps discovered:
D:1:      amcnicky_arrival_double_pillar, layout_basic,
          hellmonk_ecumenical_altar_defaced_shrine, serial_shops, shop,
          kennysheep_small_spiral, minmay_gold_behind_fungi, fountainhead,
          minmay_pentomino_p4

Skill      XL: |  1  2 |
---------------+-------+-----
Fighting       | 1 |  1.4
Stealth        | 3 |  3.2
Dodging        | |  2.4
Spellcasting   | |  3.6
Conjurations   | |  1.1
Fire Magic     | |  3.7

Action                   || total
-------------------------++-------
 Cast: Foxfire           ||   155
Invok: Renounce Religion ||     1
  Use: Scroll            ||     2
       Potion            ||     1
Armor: Robe              ||     3
Dodge: Dodged            ||     6

Table legend: (Time is in decaauts)
 A = Elapsed time spent in this place.
 B = Non-inter-level travel time spent in this place.
 C = Inter-level travel time spent in this place.
 D = Time resting spent in this place.
 E = Time spent auto-exploring this place.
 F = Levels seen in this place.
 G = Mean time per level.
                   A        B        C        D        E       F      G
               +--------+--------+--------+--------+--------+-----+--------+
         Total |   2380 |   2371 |      9 |      0 |   2099 |   1 | 2380.0 |
       Dungeon |   2380 |   2371 |      9 |      0 |   2099 |   1 | 2380.0 |
               +--------+--------+--------+--------+--------+-----+--------+

Top non-repeatable levels by time:
     D:1: 2380 daAuts
